 Dungeon Crawl Stone Soup version 0.17.1-1-g73c8601 (webtiles) character file.

704 JirkfaceJones the Skirmisher (level 7, -31/66 HPs)
             Began as a Gargoyle Fighter on Apr 8, 2016.
             Killed from afar by an ogre (39 damage)
             ... with an exploding inner flame
             ... hexed by the player character
             ... on level 5 of the Dungeon.
             The game lasted 00:14:35 (4295 turns).

JirkfaceJones the Skirmisher (Gargoyle Fighter)     Turns: 4295, Time: 00:14:36

Health: -31/66     AC: 23    Str: 21    XL:     7   Next: 66%
Magic:  7/7        EV:  2    Int:  9    God:
Gold:   274        SH:  9    Dex:  9    Spells: 0 memorised, 6 levels left

rFire  . . .     SeeInvis .     a - +0 war axe
rCold  . . .     Clarity  .     (armour currently unavailable)
rNeg   + + +     SustAt   .     c - +0 shield
rPois  ∞         Gourm    .     (helmet currently unavailable)
rElec  .         Spirit   .     (cloak currently unavailable)
rCorr  .         Warding  .     (gloves currently unavailable)
rMut   .         NoTele   +     (boots currently unavailable)
MR     +....                    (no amulet)
Stlth  +.........               (no ring)
                                v - ring of protection from magic

@: tree-form, somewhat resistant to hostile enchantments, very unstealthy
A: negative energy resistance 1, (electricity resistance), (unbreathing),
petrification resistance, rot immunity, AC +4
a: no special abilities


You were on level 5 of the Dungeon.
You were hungry.
You were a tree.
You visited 1 branch of the dungeon, and saw 5 of its levels.

You collected 302 gold pieces.
You spent 28 gold pieces at shops.

Inventory:

Hand Weapons
 a - a +0 war axe (weapon)
Missiles
 f - 210 stones (quivered)
 p - 2 poisoned javelins
Armour
 b - a +0 scale mail
 c - a +0 shield (worn)
 k - a +1 pair of boots (melded)
 m - a +0 pair of gloves (melded)
 q - a +0 plate armour
 r - a +0 chain mail (melded)
 u - a +2 hat of see invisible (melded)
Jewellery
 v - a ring of protection from magic (left branch)
 y - an uncursed ring of wizardry
 F - an uncursed ring of teleportation
Wands
 x - a wand of flame (15)
Scrolls
 d - a scroll of enchant weapon {unknown}
 j - 4 scrolls of remove curse
 n - a scroll of amnesia {unknown}
 A - a scroll of random uselessness {unknown}
 C - a scroll of teleportation {unknown}
 D - a scroll of magic mapping {unknown}
 G - a scroll of enchant armour {unknown}
 I - a scroll of fear {unknown}
Potions
 g - a potion of agility
 o - 2 potions of invisibility {unknown}
 s - 3 potions of lignification
 w - a potion of curing
 z - a potion of cancellation
 B - a potion of mutation
 E - a potion of brilliance
Books
 t - a book of Flames

   Spells                             Type                      Level
   a - Flame Tongue                   Conjuration/Fire             1
   b - Throw Flame                    Conjuration/Fire             2
   c - Conjure Flame                  Conjuration/Fire             3
   d - Inner Flame                    Hexes/Fire                   3
   e - Sticky Flame                   Conjuration/Fire             4
   f - Fireball                       Conjuration/Fire             5
Comestibles
 e - 7 bread rations
 i - 8 fruits
 l - 4 meat rations
 H - 2 beef jerkies


   Skills:
 + Level 5.1 Fighting
 * Level 4.6 Axes
 + Level 2.6 Throwing
 + Level 4.6 Armour
 + Level 4.8 Shields


You had 6 spell levels left.
You didn't know any spells.

Dungeon Overview and Level Annotations

Branches:
Dungeon (5/15)
 Temple: D:4-7

Altars:
Elyvilon
Gozag
Kikubaaqudgha
Okawaru
Sif Muna

Shops:
D:4 ?[[

Annotations:
D:3 Sigmund


Innate Abilities, Weirdness & Mutations

You are resistant to torment.
((Your stone body is resilient (AC +4).))
You are immune to poison.
You resist negative energy.
((You are resistant to electric shocks.))
((You can survive without breathing.))
You are immune to petrification.
You are immune to rotting.


Message History

You barely miss the giant frog skeleton.
The giant frog skeleton hits you.
* * * LOW HITPOINT WARNING * * *
The giant frog skeleton hits you but does no damage.
You hit the giant frog skeleton.
The giant frog skeleton hits you but does no damage. x2
You slash the giant frog skeleton!
The giant frog skeleton explodes!
The fiery explosion engulfs the ogre.
The ogre is severely wounded.
The fiery explosion engulfs you!
* * * LOW HITPOINT WARNING * * *
The ogre is engulfed in roaring flames.
You barely miss the ogre.
The ogre is almost dead.
The ogre is engulfed in roaring flames.
The ogre explodes!
The fiery explosion engulfs you!
Ouch! That really hurt!
You die...

%... #.#.# ... #.#.. ###
### ... #.### .. #####....
#. #........# #.# #
#........#
#####..####.##.##........#
..|....§§♣......'........+
.......§######.##........#
#######....###.#####.....†
#...................
#...................
#...................
#...................
#..............)....
#.#.................


There were no monsters in sight!

Vanquished Creatures
  An ice beast (D:5)
  An ogre (D:3)
  2 vampire bats (D:2)
  A giant frog skeleton (D:5)
  An iguana (D:4)
  A jelly (D:5)
  A worker ant (D:4)
  2 orc priests
  2 centaur skeletons
  Natasha (twice) (D:4)
  Robin (D:2)
  4 adders
  3 worms
  6 giant geckos
  11 orcs
  3 bat skeletons (D:2)
  3 bat zombies (D:2)
  7 giant cockroaches
  16 goblins
  7 hobgoblins
  8 jackals
  7 kobolds
  2 ball pythons
  7 bats
  2 giant newts
  2 quokkas
  A quokka skeleton (D:5)
  7 rats
111 creatures vanquished.

Notes
Turn   | Place    | Note
--------------------------------------------------------------
     0 | D:1      | JirkfaceJones the Gargoyle Fighter began the quest for the Orb.
     0 | D:1      | Reached XP level 1. HP: 14/14 MP: 1/1
   131 | D:1      | Reached XP level 2. HP: 17/19 MP: 2/2
   719 | D:2      | Found a white marble altar of Elyvilon.
   730 | D:2      | Reached XP level 3. HP: 20/23 MP: 3/3
  1145 | D:2      | Noticed a vampire bat
  1149 | D:2      | Noticed a vampire bat
  1153 | D:2      | Killed a vampire bat
  1153 | D:2      | Reached skill level 1 in Throwing
  1153 | D:2      | Reached XP level 4. HP: 18/29 MP: 4/4
  1154 | D:2      | Found an ancient bone altar of Kikubaaqudgha.
  1171 | D:2      | Killed a vampire bat
  1171 | D:2      | Reached XP level 5. HP: 21/33 MP: 5/5
  1614 | D:3      | Noticed Robin
  1615 | D:3      | Noticed an ogre
  1615 | D:3      | Reached skill level 4 in Shields
  1879 | D:2      | Killed Robin
  1971 | D:3      | Killed an ogre
  1971 | D:3      | Reached XP level 6. HP: 13/39 MP: 6/6
  2390 | D:3      | Noticed Sigmund
  2535 | D:4      | Found an opulent altar of Gozag.
  2948 | D:4      | Found a deep blue altar of Sif Muna.
  3002 | D:4      | Found Ypimiuf's Antique Armour Shop.
  3164 | D:4      | Found Sipuunyr's Armour Shop.
  3256 | D:4      | Noticed Natasha
  3267 | D:4      | Killed Natasha
  3270 | D:4      | Reached XP level 7. HP: 12/44 MP: 7/7
  3619 | D:4      | Noticed Natasha
  3622 | D:4      | Killed Natasha
  3660 | D:4      | Found Yczoewkatesk's Magic Scroll Emporium.
  3668 | D:4      | Bought a scroll of identify for 28 gold pieces
  3719 | D:4      | Found an iron altar of Okawaru.
  3789 | D:5      | Entered Level 5 of the Dungeon
  4195 | D:5      | Reached skill level 5 in Fighting
  4279 | D:5      | HP: 2/44 [ogre/giant club (17)]
  4295 | D:5      | Killed from afar by an ogre

Action                   |  1- 3 |  4- 6 |  7- 9 || total
-------------------------+-------+-------+-------++-------
Melee: War axe           |    95 |   232 |    82 ||   409
Throw: Stone             |     2 |       |       ||     2
  Use: Potion            |       |     2 |     2 ||     4
       Scroll            |       |     2 |     4 ||     6
  Eat: Chunk             |     1 |     6 |     4 ||    11
